 Dungeon Crawl Stone Soup version 0.32-a0-893-gf85d74f360 (webtiles) character file.

Game seed: 14809313884593317223

71 warriortoast the Ruffian (level 4, 0/29 HPs)
             Began as an Octopode Shapeshifter on Apr 3, 2024.
             Slain by a ribbon worm (7 damage)
             ... on level 2 of the Dungeon.
             The game lasted 00:02:38 (1153 turns).

warriortoast the Ruffian (Octopode Shapeshifter)    Turns: 1153, Time: 00:02:38

Health: 0/29       AC:  1    Str: 15    XL:     4   Next: 24%
Magic:  4/4        EV: 12    Int: 18    God:
Gold:   107        SH:  0    Dex: 11    Spells: 3/3 levels left

rFire   . .          .
                       - Unarmed
rCold   . . .        (no shield)
rNeg    . . .        (helmet currently unavailable)
rPois   .            (no amulet)
rElec   .            i - +6 ring of intelligence
rCorr   .            (no ring)
SInv    .            (no ring)
Will    .....        (no ring)
Stlth   +++          (no ring)
HPRegen 0.24/turn    (no ring)
MPRegen 0.09/turn    (no ring)
                     (no ring)

%: no passive effects
@: beast-form
A: beast (slay +1), almost no armour, amphibious, 8 rings, camouflage 1,
gelatinous body 1, (nimble swimmer 1), tentacles
a: Begin Untransformation


You were on level 2 of the Dungeon.
You were a hulking beast.
You visited 1 branch of the dungeon, and saw 2 of its levels.

You collected 107 gold pieces.

Inventory:

Missiles
 g - 3 poisoned darts (quivered)
Jewellery
 i - a +6 ring of intelligence (left tentacle)
Talismans
 b - a beast talisman (active)
 c - a flux talisman
Scrolls
 d - a scroll of immolation {unknown}
 h - a scroll of enchant armour {unknown}
 j - a scroll of fog {unknown}
Potions
 a - a potion of lignification
 e - a potion of berserk rage {unknown}
 f - a potion of haste {unknown}


   Skills:
 + Level 2.1 Fighting
 - Level 2.0 Dodging
 + Level 2.4 Stealth
 + Level 3.5 Unarmed Combat
 + Level 3.4 Shapeshifting


You had 3 spell levels left.
You didn't know any spells.
Your spell library contained the following spells:

 Spells                   Type           Power      Damage    Failure   Level
 Sigil of Binding         Hex            0%         N/A       54%         3
 Death Channel            Necr           0%         N/A       100%        6
 Sculpt Simulacrum        Ice/Alch       0%         N/A       100%        6


Dungeon Overview and Level Annotations

Branches:
Dungeon (2/15)

Altars:


Innate Abilities, Weirdness & Mutations

You are a hulking beast.
Your limbs bulge with bestial killing power. (Slay +1)
You cannot wear most types of armour.
You are amphibious.
You can wear up to eight rings at the same time.
Your skin changes colour to match your surroundings (Stealth+).
Your rubbery body absorbs attacks. (AC +1, EV +1)
((You are camouflaged when in or above water. (Stealth+)))
You have tentacles for arms and can constrict up to eight enemies at once.


Message History

You constrict Terence. Terence hits you with a +0 short sword.
You are too injured to fight recklessly!
You tentacle-slap Terence but do no damage.
Terence is severely wounded.
You constrict Terence, but do no damage.
Terence barely misses you.
You tentacle-slap Terence.
Terence is severely wounded.
You constrict Terence. Terence hits you with a +0 short sword.
* * * LOW HITPOINT WARNING * * *
You tentacle-slap Terence. You squeeze Terence.
You kill Terence!
Your Fighting skill increases to level 2!
You have reached level 4!
Found a book of Wicked Creation.
Things that are here:
a +0 short sword; a +0 chain mail You now have 107 gold pieces (gained 9).
There is a stone staircase leading down here.
You pick up a book of Wicked Creation and begin reading...
You add the spells Sigil of Binding, Sculpt Simulacrum and Death Channel to your library.
Unknown command.
Unknown command.
Unknown command.
You open the door.
There is an open door here.
A ribbon worm comes into view.
The ribbon worm closely misses you. The ribbon worm bites you.
The ribbon worm misses you. The ribbon worm closely misses you.
The ribbon worm bites you!
* * * LOW HITPOINT WARNING * * *
The ribbon worm bites you.
* * * LOW HITPOINT WARNING * * *
The ribbon worm misses you. The ribbon worm misses you.
The ribbon worm closely misses you. The ribbon worm bites you!
You die...

#.. #.##### ######.#...#
#....#.#.#.#+##
#.....)#.#....#
#....)...#....#
#.....####....#########
####>....'w...+.......#
#.#.####h...#.###...#
#......###+#...####.#####
#...#.#..# ###.####......
#.###.# ....
............. #. #.. ...
...####.####. #. #### ##
.# #.# #. #. .# ..# ## .#
#### # ## ##


You could see a ribbon worm.

Vanquished Creatures
  Terence (D:2)
  A dart slug (D:2)
  A ribbon worm (D:2)
  3 bats (D:1)
  4 endoplasms
  4 giant cockroaches
  2 goblins (D:1)
  3 hobgoblins (D:1)
  7 jackals (D:1)
  A quokka (D:1)
  A ball python (D:1)
  2 frilled lizards (D:2)
  2 kobolds
  3 rats
35 creatures vanquished.

Notes
Turn   | Place    | Note
-------+----------+-------------------------------------------
     0 | D:1      | warriortoast the Octopode Shapeshifter began the quest for
                  | the Orb.
     0 | D:1      | Reached XP level 1. HP: 13/13 MP: 1/1
    48 | D:1      | Reached skill level 1 in Stealth
    48 | D:1      | Reached XP level 2. HP: 18/18 MP: 2/2
   440 | D:1      | Reached XP level 3. HP: 21/23 MP: 3/3
  1102 | D:2      | Noticed Terence
  1115 | D:2      | Killed Terence
  1116 | D:2      | Reached XP level 4. HP: 8/29 MP: 4/4
  1153 | D:2      | Slain by a ribbon worm

Illustrated notes

Levels and vault maps discovered:
D:1:      dpeg_arrival_tiny_a, layout_loops_ring, grunt_decor_cap,
          serial_bayou_lake_a
D:2:      kennysheep_big_flooded_room, layout_basic, uniq_terence

Skill      XL: |  1  2  3 |
---------------+----------+-----
Stealth        | 1 2 |  2.4
Fighting       | 2 |  2.1
Dodging        | |  2.0
Unarmed Combat | |  3.5
Shapeshifting  | |  3.4

Action                     |  1- 3 |  4- 6 || total
---------------------------+-------+-------++-------
  Melee: Unarmed           |    67 |       ||    67
         Constrict         |    17 |       ||    17
         Tentacles         |    11 |       ||    11
         Punch             |     1 |       ||     1
   Stab: Sleeping          |     8 |       ||     8
 Armour: Skin              |    23 |     4 ||    27
  Dodge: Dodged            |    30 |     6 ||    36

Table legend: (Time is in decaauts)
 A = Elapsed time spent in this place.
 B = Non-inter-level travel time spent in this place.
 C = Inter-level travel time spent in this place.
 D = Time resting spent in this place.
 E = Time spent auto-exploring this place.
 F = Levels seen in this place.
 G = Mean time per level.
                   A        B        C        D        E       F      G
               +--------+--------+--------+--------+--------+-----+--------+
         Total |   1147 |   1108 |     39 |      3 |    847 |   2 |  573.5 |
       Dungeon |   1147 |   1108 |     39 |      3 |    847 |   2 |  573.5 |
               +--------+--------+--------+--------+--------+-----+--------+

Top non-repeatable levels by time:
     D:1: 827 daAuts
     D:2: 320 daAuts
